 Dungeon Sprint DCSS version 0.27.1-33-g824d729ab1 (webtiles) character file.

Game seed: 8420203932182793037

128 hilljack the Grappler (level 4, -14/41 HPs)
             Began as a Troll Hunter on Dec 8, 2021.
             Was a Believer of Uskayaw.
             Demolished by a two-headed ogre (23 damage)
             ... in the Dungeon (Sprint IX: "|||||||||||||||||||||||||||||").
             The game lasted 00:01:01 (100 turns).

hilljack the Grappler (Troll Hunter)                 Turns: 100, Time: 00:01:02

Health: -14/41     AC:  6    Str: 21    XL:     4   Next: 87%
Magic:  3/3        EV: 11    Int:  7    God:    Uskayaw [**....]
Gold:   0          SH:  0    Dex: 10    Spells: 3/3 levels left

rFire    . . .     SeeInvis .     - Unarmed
rCold    . . .     Faith    .   (no shield)
rNeg     . . .     Spirit   .   b - +0 robe
rPois    .         Reflect  .   (helmet restricted)
rElec    .         Harm     .   (no cloak)
rCorr    .         Rampage  .   (gloves unavailable)
Will     .....     NoTele   +   (boots unavailable)
Stlth    +.........             (no amulet)
HPRegen  1.13/turn              m - +2 ring of evasion
MPRegen  0.08/turn              n - +2 ring of protection

@: no status effects
A: large, unfitting armour, claws 3, regeneration 1, shaggy fur 1, tough skin 1
a: Renounce Religion, Stomp, Line Pass


You were in the Dungeon.
You worshipped Uskayaw.
Uskayaw was noncommittal.
You visited 1 branch

Inventory:

Missiles
 d - 2 throwing nets (quivered)
Armour
 b - a +0 robe (worn)
Jewellery
 m - a +2 ring of evasion (left claw)
 n - a +2 ring of protection (right claw)
Wands
 l - a wand of acid (10)
Scrolls
 j - 2 scrolls of blinking
 k - 2 scrolls of amnesia
Potions
 a - a potion of invisibility
 e - 5 potions of curing
 f - 3 potions of heal wounds
 g - a potion of haste
 h - 4 potions of magic
 i - a potion of berserk rage


   Skills:
 - Level 1.5 Fighting
 - Level 3.6 Throwing
 - Level 1.5 Dodging
 - Level 0.3 Stealth
 + Level 9.6 Unarmed Combat


You had 3 spell levels left.
You didn't know any spells.
Your spell library was empty.

Dungeon Overview and Level Annotations

Branches:
Dungeon (1/1)

Altars:
Cheibriados
Dithmenos
Elyvilon
Fedhas
Gozag
Hepliaklqana
Kikubaaqudgha
Makhleb
Nemelex Xobeh
Okawaru
Qazlal
Ru
Sif Muna
Trog
Uskayaw
Vehumet
Wu Jian
Xom
Yredelemnul
Zin
The Shining One
Beogh
Jiyva
Lugonu


Innate Abilities, Weirdness & Mutations

You are too large for most types of armour.
You have claws for hands.
Your natural rate of healing is unusually fast.
You are covered in fur. (AC +1)
You have tough skin. (AC +1)


Message History

Aim: a steam dragon (lightly wounded, 56% to hit)
You throw a large rock.
The large rock barely misses the steam dragon.
The large rock hits the two-headed ogre!!
The two-headed ogre is moderately wounded.
The steam dragon closely misses you.
The steam dragon claws you but does no damage.
The wyvern hisses menacingly.
You can now stomp with the beat.
Throw: 3 large rocks
Press: ? - help, Q - select action, (/) - cycle Shift-Dir - straight line, f/p - steam dragon
Aim: a steam dragon (lightly wounded, 56% to hit)
You throw a large rock.
The large rock barely misses the two-headed ogre.
The large rock hits the steam dragon!
The steam dragon is heavily wounded.
The two-headed ogre hits you with a +0 dire flail.
The two-headed ogre barely misses you. x2
The two-headed ogre hits you with a +0 giant club.
You can now pass through a line of other dancers.
Throw: 2 large rocks
Press: ? - help, Q - select action, (/) - cycle Shift-Dir - straight line, f/p - steam dragon
Aim: a steam dragon (heavily wounded, 56% to hit)
You throw a large rock.
The large rock hits the two-headed ogre but does no damage.
The two-headed ogre is moderately wounded.
The two-headed ogre closely misses you.
The two-headed ogre hits you with a +0 giant club.
Throw: large rock
Press: ? - help, Q - select action, (/) - cycle Shift-Dir - straight line, f/p - steam dragon
Aim: a steam dragon (heavily wounded, 56% to hit)
You throw a large rock.
The large rock hits the two-headed ogre!!
The two-headed ogre is severely wounded.
The two-headed ogre hits you with a +0 dire flail.
The two-headed ogre hits you with a +0 giant club!
* * * LOW HITPOINT WARNING * * *
The two-headed ogre hits you with a +0 dire flail!!
Ouch! That really hurt!
You die...

▓.▓
▓l▓
▓O▓
▓Y▓
▓l▓
▓D▓
▓O▓
▓@▓
▓.▓
▓[▓
▓[▓
▓[▓
▓.▓
▓)▓
▓.▓
▓.▓


You could see 2 two-headed ogres, a yak, a steam dragon and 2 wyverns.

Vanquished Creatures
  A scorpion (D)
  2 hounds (D)
  2 orcs (D)
  A kobold (D)
  2 frilled lizards (D)
  2 rats (D)
10 creatures vanquished.

Notes
Turn   | Place    | Note
-------+----------+-------------------------------------------
     0 | D        | hilljack the Troll Hunter began the quest for the Orb.
     0 | D        | Reached XP level 1. HP: 19/19 MP: 0/0
     8 | D        | Reached skill level 1 in Unarmed Combat
    11 | D        | Reached skill level 2 in Unarmed Combat
    18 | D        | Reached skill level 3 in Unarmed Combat
    24 | D        | Noticed a hound
    24 | D        | Noticed a scorpion
    24 | D        | Noticed a hound
    36 | D        | Killed a hound
    37 | D        | Reached skill level 6 in Unarmed Combat
    37 | D        | Reached XP level 2. HP: 26/27 MP: 1/1
    37 | D        | Reached XP level 3. HP: 32/33 MP: 2/2
    38 | D        | Killed a scorpion
    39 | D        | Reached skill level 8 in Unarmed Combat
    39 | D        | Reached XP level 4. HP: 41/41 MP: 3/3
    42 | D        | Reached skill level 9 in Unarmed Combat
    50 | D        | Found a snail-covered altar of Cheibriados.
    50 | D        | Found a shadowy altar of Dithmenos.
    50 | D        | Found a white marble altar of Elyvilon.
    50 | D        | Found a blossoming altar of Fedhas.
    50 | D        | Found an opulent altar of Gozag.
    51 | D        | Found a hazy altar of Hepliaklqana.
    52 | D        | Found a viscous altar of Jiyva.
    53 | D        | Found an ancient bone altar of Kikubaaqudgha.
    54 | D        | Found a corrupted altar of Lugonu.
    55 | D        | Found a burning altar of Makhleb.
    56 | D        | Found a sparkling altar of Nemelex Xobeh.
    57 | D        | Found an iron altar of Okawaru.
    58 | D        | Found a stormy altar of Qazlal.
    59 | D        | Found a sacrificial altar of Ru.
    60 | D        | Found a shimmering blue altar of Sif Muna.
    61 | D        | Found a bloodstained altar of Trog.
    62 | D        | Found a hide-covered altar of Uskayaw.
    63 | D        | Found a radiant altar of Vehumet.
    64 | D        | Found an ornate altar of the Wu Jian Council.
    65 | D        | Found a shimmering altar of Xom.
    66 | D        | Found a basalt altar of Yredelemnul.
    67 | D        | Found a glowing silver altar of Zin.
    68 | D        | Found a glowing golden altar of the Shining One.
    70 | D        | Became a worshipper of Uskayaw the Reveller
    95 | D        | Noticed a wyvern
    95 | D        | Noticed a two-headed ogre
    95 | D        | Noticed a yak
    95 | D        | Noticed a wyvern
    95 | D        | Noticed a two-headed ogre
    95 | D        | Noticed a steam dragon
    97 | D        | Reached * piety under Uskayaw
    98 | D        | Reached ** piety under Uskayaw
   100 | D        | Demolished by a two-headed ogre

Illustrated notes

Levels and vault maps discovered:
D:        linesprint [early_d, line_temple, items_1, d_10, items_2, lair_1,
          lair_end, items_3, orc_1, orc_end, items_4, d_15, swamp_1, shoals_1,
          snake_1, spider_1, d_20, vaults_1, items_5, swamp_end, shoals_end,
          snake_end, spider_end, vaults_end, d_27, items_6, zot_1, zot_end,
          crypt_end, forest_end, elf_end, slime_end, tomb_end, abyss_end,
          pan_hell_end]

Skill      XL: |  1  2  3  4 |
---------------+-------------+-----
Unarmed Combat | 6 8 9 |  9.6
Fighting       | |  1.5
Throwing       | |  3.6
Dodging        | |  1.5
Stealth        | |  0.3

Action                   |  1- 3 |  4- 6 || total
-------------------------+-------+-------++-------
Melee: Short sword       |    13 |       ||    13
       Unarmed           |    13 |     6 ||    19
Throw: Large rock        |       |     5 ||     5
Armor: Robe              |     5 |     2 ||     7
Dodge: Dodged            |    14 |     7 ||    21
